 Dungeon Crawl Stone Soup version 0.23-a0-612-gcb482e9 (webtiles) character file.

105 Leeroy the Charmwright (level 4, -5/38 HPs)
             Began as a Gnoll Skald on Dec 21, 2018.
             Killed by divine providence
             ... invoked by an orc priest
              (10 damage)
             ... on level 3 of the Dungeon.
             The game lasted 00:07:30 (1701 turns).

Leeroy the Charmwright (Gnoll Skald)                Turns: 1701, Time: 00:07:31

Health: -5/38      AC:  3    Str: 13    XL:     4   Next: 83%
Magic:  11/11      EV: 14    Int: 16    God:
Gold:   27         SH:  0    Dex: 15    Spells: 2/13 levels left

rFire    . . .     SeeInvis .   h - +2 short sword (speed)
rCold    . . .     Gourm    .   (no shield)
rNeg     . . .     Faith    .   b - +0 leather armour
rPois    .         Spirit   .   (no helmet)
rElec    .         Reflect  .   (no cloak)
rCorr    .         Harm     .   (no gloves)
MR       .....                  (no boots)
Stlth    ++........             E - amulet of magic regeneration
HPRegen  1.12/turn              w - ring of wizardry
MPRegen  0.37/turn              (no ring)

@: regenerating (expiring)
A: distributed training, fangs 1, strong nose
a: no special abilities


You were on level 3 of the Dungeon.
You were hungry.

You visited 1 branch of the dungeon, and saw 3 of its levels.

You collected 27 gold pieces.

Inventory:

Hand Weapons
 a - a +0 falchion
 e - a +0 whip
 f - a +0 hand axe
 h - a +2 short sword of speed (weapon)
 j - a +0 spear
 v - a +0 mace
 y - a +2 flail of holy wrath
Missiles
 c - 61 arrows
 i - 6 stones (quivered)
 o - 44 sling bullets
Armour
 b - a +0 leather armour (worn)
Jewellery
 g - an uncursed amulet of the acrobat
 w - a ring of wizardry (left hand)
 D - an uncursed ring of poison resistance {unknown}
 E - an amulet of magic regeneration (around neck)
Scrolls
 k - 2 scrolls of amnesia {unknown}
 n - a scroll of magic mapping {unknown}
 s - 2 scrolls of remove curse {unknown}
 t - a scroll of teleportation {unknown}
 B - a scroll of enchant weapon {unknown}
Potions
 l - a potion of cancellation {unknown}
 m - 2 potions of invisibility {unknown}
 p - a potion of mutation {unknown}
 q - a potion of might {unknown}
 r - a potion of lignification {unknown}
 u - a potion of degeneration {unknown}
 x - a potion of flight {unknown}
 z - a potion of curing {unknown}
Comestibles
 d - 2 rations
 A - 2 chunks of flesh


   Skills:
 + Level 4.7 Fighting
 + Level 1.2 Short Blades
 + Level 4.7 Long Blades
 + Level 1.2 Axes
 + Level 1.2 Maces & Flails
 + Level 1.2 Polearms
 + Level 1.2 Staves
 + Level 1.2 Slings
 + Level 1.2 Bows
 + Level 1.2 Crossbows
 + Level 1.2 Throwing
 + Level 2.8 Armour
 + Level 4.7 Dodging
 + Level 1.2 Stealth
 + Level 1.2 Shields
 + Level 1.2 Unarmed Combat
 + Level 5.1 Spellcasting
 + Level 1.0 Conjurations
 + Level 1.0 Hexes
 + Level 5.5 Charms
 + Level 1.0 Summonings
 + Level 1.0 Necromancy
 + Level 1.0 Translocations
 + Level 1.0 Transmutations
 + Level 1.0 Fire Magic
 + Level 1.0 Ice Magic
 + Level 1.0 Air Magic
 + Level 1.0 Earth Magic
 + Level 1.0 Poison Magic
 + Level 1.3 Invocations
 + Level 1.2 Evocations


You had 2 spell levels left.
You knew the following spells:

 Your Spells              Type           Power        Failure   Level  Hunger
a - Infusion              Chrm           ###.         1%          1    None
b - Song of Slaying       Chrm           ###.....     1%          2    #......
c - Shroud of Golubria    Chrm/Tloc      ##........   3%          2    #......
d - Regeneration          Chrm/Necr      ##........   6%          3    ###....
e - Spectral Weapon       Hex/Chrm       ##......     6%          3    ###....

Your spell library contained the following spells:

 Spells                   Type           Power        Failure   Level  Hunger


Dungeon Overview and Level Annotations

Branches:
Dungeon (3/15)

Altars:
Cheibriados


Innate Abilities, Weirdness & Mutations

Your experience applies equally to all skills.
You have very sharp teeth.
Your uncanny sense of smell can sniff out nearby items.


Message History

The orc is moderately wounded.
Your skin is crawling a little less now.
The orc barely misses you.
The orc priest looks braver for a moment.
You hit the orc.
The orc is almost dead.
The orc hits you but does no damage.
You barely miss the orc.
The orc is almost dead.
You completely miss the orc.
The orc is almost dead.
The orc barely misses you.
You hit the orc.
You kill the orc!
The orc priest invokes the aid of Beogh against you.
Beogh smites you!
* * * LOW HITPOINT WARNING * * *
The orc priest calls down the wrath of Beogh upon you.
Beogh smites you!
You die...

#.# #. #)# #.. #)#
#... #)# #.#.# #.#
#....### #.#
#....... #.#
.##...#.#########.#
.......o@†........#
#...>#)###########
#.# #[# ... ∆ .....
....... ...######
.... #####


You could see an orc priest.

Vanquished Creatures
  An orc wizard (D:3)
  3 adders (D:2)
  A worm (D:2)
  A dart slug (D:2)
  2 leopard geckos
  7 orcs (D:3)
  A goblin (D:3)
  5 hobgoblins
  3 jackals (D:1)
  5 kobolds
  6 bats
  5 frilled lizards
  3 rats
43 creatures vanquished.

Notes
Turn   | Place    | Note
-------+----------+-------------------------------------------
     0 | D:1      | Leeroy the Gnoll Skald began the quest for the Orb.
     0 | D:1      | Reached XP level 1. HP: 20/20 MP: 6/6
    70 | D:1      | Reached XP level 2. HP: 8/26 MP: 3/7
   943 | D:2      | Learned a level 2 spell: Song of Slaying
   946 | D:2      | Learned a level 2 spell: Shroud of Golubria
  1033 | D:2      | Found a snail-covered altar of Cheibriados.
  1058 | D:2      | Reached skill level 5 in Spellcasting
  1058 | D:2      | Reached XP level 3. HP: 30/31 MP: 7/9
  1063 | D:2      | Learned a level 3 spell: Regeneration
  1067 | D:2      | Learned a level 3 spell: Spectral Weapon
  1125 | D:2      | Reached skill level 1 in Invocations
  1283 | D:2      | Reached skill level 1 in Short Blades
  1283 | D:2      | Reached skill level 1 in Axes
  1283 | D:2      | Reached skill level 1 in Maces & Flails
  1283 | D:2      | Reached skill level 1 in Polearms
  1283 | D:2      | Reached skill level 1 in Staves
  1283 | D:2      | Reached skill level 1 in Slings
  1283 | D:2      | Reached skill level 1 in Bows
  1283 | D:2      | Reached skill level 1 in Crossbows
  1283 | D:2      | Reached skill level 1 in Throwing
  1283 | D:2      | Reached skill level 1 in Stealth
  1283 | D:2      | Reached skill level 1 in Shields
  1283 | D:2      | Reached skill level 1 in Unarmed Combat
  1283 | D:2      | Reached skill level 1 in Evocations
  1283 | D:2      | Reached XP level 4. HP: 27/38 MP: 11/11
  1648 | D:3      | Reached skill level 1 in Conjurations
  1648 | D:3      | Reached skill level 1 in Hexes
  1648 | D:3      | Reached skill level 1 in Summonings
  1648 | D:3      | Reached skill level 1 in Necromancy
  1648 | D:3      | Reached skill level 1 in Translocations
  1648 | D:3      | Reached skill level 1 in Transmutations
  1648 | D:3      | Reached skill level 1 in Fire Magic
  1648 | D:3      | Reached skill level 1 in Ice Magic
  1648 | D:3      | Reached skill level 1 in Air Magic
  1648 | D:3      | Reached skill level 1 in Earth Magic
  1648 | D:3      | Reached skill level 1 in Poison Magic
  1701 | D:3      | Killed from afar by an orc priest

Vault maps used:
D:1:      dpeg_arrival_orchard, minmay_stone_trees_small
D:2:      kennysheep_slug_shrine, kennysheep_cross_room, kennysheep_potato
D:3:      ebering_ghost_disaster_area, columned_hall_lemuel, uniq_natasha

Skill      XL: |  1  2  3  4 |
---------------+-------------+-----
Spellcasting   | 5 |  5.1
Invocations    | 1 |  1.3
Short Blades   | 1 |  1.2
Axes           | 1 |  1.2
Maces & Flails | 1 |  1.2
Polearms       | 1 |  1.2
Staves         | 1 |  1.2
Slings         | 1 |  1.2
Bows           | 1 |  1.2
Crossbows      | 1 |  1.2
Throwing       | 1 |  1.2
Stealth        | 1 |  1.2
Shields        | 1 |  1.2
Unarmed Combat | 1 |  1.2
Evocations     | 1 |  1.2
Conjurations   | 1 |  1.0
Hexes          | 1 |  1.0
Summonings     | 1 |  1.0
Necromancy     | 1 |  1.0
Translocations | 1 |  1.0
Transmutations | 1 |  1.0
Fire Magic     | 1 |  1.0
Ice Magic      | 1 |  1.0
Air Magic      | 1 |  1.0
Earth Magic    | 1 |  1.0
Poison Magic   | 1 |  1.0
Fighting       | |  4.7
Long Blades    | |  4.7
Armour         | |  2.8
Dodging        | |  4.7
Charms         | |  5.5

Action                   |  1- 3 |  4- 6 || total
-------------------------+-------+-------++-------
Melee: Falchion          |    11 |       ||    11
       Short sword       |    69 |    53 ||   122
       Whip              |     3 |       ||     3
       Bite              |     7 |     1 ||     8
Throw: Stone             |     1 |       ||     1
 Cast: Infusion          |     1 |       ||     1
       Regeneration      |       |     1 ||     1
  Use: Scroll            |     5 |     1 ||     6
 Stab: Sleeping          |     1 |       ||     1
  Eat: Chunk             |     1 |     1 ||     2
Armor: Leather armour    |    11 |     7 ||    18
Dodge: Dodged            |    80 |    28 ||   108
       Rpst.: Falchion   |     1 |       ||     1

Table legend:
 A = Non-vault XP
 B = Vault XP
 C = Vault XP percentage of total XP
 D = Non-vault monster count
 E = Vault monster count
 F = Vault count percentage of total count
                 A         B        C        D         E       F
            +---------+---------+-------+---------+---------+-------
      Total |     134 |      17 |  11.3 |      41 |       2 |   4.7
            +---------+---------+-------+---------+---------+-------
        D:1 |      26 |       0 |   0.0 |      17 |       0 |   0.0
        D:2 |      44 |      17 |  27.9 |      11 |       2 |  15.4
        D:3 |      64 |       0 |   0.0 |      13 |       0 |   0.0
            +---------+---------+-------+---------+---------+-------
